 Dungeon Crawl Stone Soup version 0.16-a0-286-g6bac339 (webtiles) character file.

808 Kashira the Gusty (level 7, -7/39 HPs)
             Began as a Tengu Air Elementalist on Aug 28, 2014.
             Was an Initiate of Qazlal.
             Shot with an arrow by a centaur (12 damage)
             ... on Level 6 of the Dungeon.
             The game lasted 00:36:22 (5410 turns).

Kashira the Gusty (Tengu Air Elementalist)          Turns: 5410, Time: 00:36:23

HP  -7/39        AC  6     Str 10      XL: 7   Next: 92%
MP  13/18        EV 11     Int 19      God: Qazlal [......]
Gold 163         SH  0     Dex 19      Spells:  3 memorised, 10 levels left

rFire  . . .     SeeInvis .     g - +3 quarterstaff (chaos)
rCold  . . .     Clarity  .     C - +0 ring mail "Pricwogauf" {Str+2 Dex+2 Int+4}
rNeg   . . .     rCorr    .     (no shield)
rPois  .         rRot     .     (helmet restricted)
rElec  .         Spirit   .     s - +0 cloak
SustAb .         Warding  .     (no gloves)
rMut   .         Stasis   .     (boots unavailable)
Gourm  .                        (no amulet)
MR     .....                    (no ring)
                                m - +2 ring of evasion

@: not resistant to hostile enchantments, unstealthy
A: able to fly, beak, talons 3
a: Fly, Renounce Religion


You were on level 6 of the Dungeon.
You worshipped Qazlal.
Qazlal was noncommittal.
You were not hungry.

You visited 2 branches of the dungeon, and saw 7 of its levels.

You collected 163 gold pieces.

Inventory:

Hand weapons
 g - a +3 quarterstaff of chaos (weapon)
 r - a +3 trident
Missiles
 f - 30 poisoned needles
 p - 2 tomahawks (quivered)
Armour
 a - a +0 robe
 s - a +0 cloak (worn)
 v - a +4 scale mail of cold resistance
 C - the +0 ring mail "Pricwogauf" (worn) {Str+2 Dex+2 Int+4}
   (You found it on level 5 of the Dungeon)

   It affects your strength (+2).
   It affects your intelligence (+4).
   It affects your dexterity (+2).
Magical devices
 k - a wand of draining (8)
Comestibles
 c - 3 bread rations
 d - 2 slices of pizza
 o - a fruit
 B - a beef jerky
 D - a meat ration
 F - a chunk of giant frog flesh
Scrolls
 i - a scroll of teleportation {unknown}
 l - a scroll of remove curse
 t - 2 scrolls of recharging
 u - 2 scrolls of enchant armour {unknown}
 w - a scroll of amnesia
Jewellery
 j - an uncursed ring of regeneration {unknown}
 m - a +2 ring of evasion (left hand)
Potions
 e - a potion of restore abilities
 h - a potion of heal wounds
 n - a potion of brilliance
 q - 2 potions of haste
 x - a potion of magic {unknown}
 z - a potion of resistance {unknown}
 A - a potion of curing
 E - a potion of confusion {unknown}
Books
 b - a book of Air

   Spells                             Type                      Level
   *Shock                             Conjuration/Air              1
   *Swiftness                         Charms/Air                   2
   *Repel Missiles                    Charms/Air                   2
   Flight                             Charms/Air                   3
   Static Discharge                   Conjuration/Air              3
   Lightning Bolt                     Conjuration/Air              5


   Skills:
 + Level 1.8 Fighting
 + Level 1.0 Staves
 + Level 3.4 Dodging
 + Level 2.8 Stealth
 + Level 0.4 Unarmed Combat
 + Level 4.6 Spellcasting
 + Level 4.7 Conjurations
 + Level 7.3 Air Magic


You had 10 spell levels left.
You knew the following spells:

 Your Spells              Type           Power        Failure   Level  Hunger
a - Shock                 Conj/Air       ####         1%          1    None
b - Swiftness             Chrm/Air       ###.....     10%         2    #......
c - Repel Missiles        Chrm/Air       ###...       10%         2    #......


Dungeon Overview and Level Annotations

Branches:
Dungeon (6/15)             Temple (1/1) D:5

Altars:
Ashenzari
Cheibriados
Dithmenos
Elyvilon
Fedhas
Makhleb
Nemelex Xobeh
Okawaru
Qazlal
Sif Muna
Trog
Vehumet
Xom
Yredelemnul

Shops:
D:6 [*

Annotations:
D:3 Grinder, Natasha
D:4 tabulaattori's ghost, average SpAs
D:5 Dowan; Duvessa


Innate Abilities, Weirdness & Mutations

You can fly.
You have a beak for a mouth.
You have claws for feet.


Message History

The kobold moves out of view.
You see here a stone.
The centaur shoots an arrow.
The arrow hits you but does no damage.
You see here an arrow.
The centaur shoots an arrow.
The arrow barely misses you.
The centaur shoots an arrow.
The arrow barely misses you.
The centaur shoots an arrow.
The arrow hits you.
There is an open door here.
You see here an arrow.
There is an open door here.
The centaur shoots an arrow.
The arrow hits you.
You see here an arrow.
The centaur shoots an arrow.
The arrow hits you.
The centaur shoots an arrow.
The arrow closely misses you.
The centaur shoots an arrow.
The arrow hits you.
You see here an arrow.
The centaur shoots an arrow.
The arrow hits you!
* * * LOW HITPOINT WARNING * * *
The centaur shoots an arrow.
The arrow hits you!
You die...

.#....%..............#
##..#.
.#......############.##
#.....
.....##############...##
#.#.#.
..........)............#
#.#.#.
..............#####..c.#
#.#.#. .#.#.########.#
##.#.# #.#.#. ...#.# #.#
#.#(####..#.#. .###..
#####.######c#....#+#..#.
. ..#
......<.@..(.####.'∩+.###
##. #####.######## ###c##
# #.# #..# #.# ##(# #c#
#.# #.# ###.#####c#
....c...(K#


You could see a centaur.

Vanquished Creatures
  A giant frog (D:6)
  2 ogres
  A scorpion (D:5)
  A wight (D:5)
  A goliath beetle (D:4)
  A jelly (D:5)
  2 hounds
  Crazy Yiuf (D:2)
  2 worker ants
  An iguana (D:4)
  Jessica (D:3)
  2 ogre skeletons (D:6)
  Terence (D:2)
  7 adders
  2 giant mites
  A goliath beetle zombie (D:6)
  A worm (D:5)
  An ooze (D:4)
  9 orcs
  10 goblins
  14 hobgoblins
  13 kobolds
  2 quokkas
  2 ball pythons
  12 bats
  4 giant cockroaches
  3 giant geckos
  6 giant newts
  A goblin skeleton (D:5)
  A kobold skeleton (D:6)
  An orc zombie (D:5)
  10 rats
  A rat skeleton (D:4)
118 creatures vanquished.

Notes
Turn   | Place    | Note
--------------------------------------------------------------
     0 | D:1      | Kashira, the Tengu Air Elementalist, began the quest for the Orb.
     0 | D:1      | Reached XP level 1. HP: 10/10 MP: 3/3
   293 | D:1      | Reached XP level 2. HP: 13/15 MP: 5/5
  1154 | D:2      | Noticed Terence
  1169 | D:3      | Reached XP level 3. HP: 16/19 MP: 1/7
  1175 | D:3      | Found a blossoming altar of Fedhas.
  1596 | D:3      | Noticed Natasha
  1761 | D:3      | Noticed Jessica
  1766 | D:3      | Killed Jessica
  1766 | D:3      | Reached XP level 4. HP: 22/24 MP: 2/9
  1770 | D:3      | Learned a level 2 spell: Swiftness
  1773 | D:3      | Learned a level 2 spell: Repel Missiles
  1798 | D:3      | Reached skill level 5 in Air Magic
  1804 | D:3      | Noticed Grinder
  1817 | D:3      | Paralysed by Grinder for 2 turns
  1989 | D:2      | Noticed Crazy Yiuf
  2714 | D:2      | Killed Terence
  2714 | D:2      | Reached XP level 5. HP: 15/28 MP: 0/12
  2853 | D:2      | Killed Crazy Yiuf
  3355 | D:4      | Reached skill level 1 in Fighting
  3355 | D:4      | Reached skill level 6 in Air Magic
  3388 | D:4      | Noticed tabulaattori's ghost (average SpAs)
  3453 | D:4      | Reached XP level 6. HP: 34/34 MP: 10/15
  4158 | D:4      | Noticed an ogre
  4163 | D:4      | Killed an ogre
  4289 | D:5      | Entered Level 5 of the Dungeon
  4318 | D:5      | Found a deep blue altar of Sif Muna.
  4427 | D:5      | Reached XP level 7. HP: 38/38 MP: 6/17
  4519 | D:5      | Learned a level 2 spell: Repel Missiles
  4582 | D:5      | Noticed Duvessa
  4582 | D:5      | Noticed Dowan
  4648 | D:5      | Got a heavily runed ring mail
  4649 | D:5      | Identified the +0 ring mail "Pricwogauf" {Str+2 Dex+2 Int+4} (You found it on level 5 of the Dungeon)
  4725 | D:5      | Found a radiant altar of Vehumet.
  4740 | D:5      | Found a staircase to the Ecumenical Temple.
  4745 | Temple   | Entered the Ecumenical Temple
  4851 | Temple   | Became a worshipper of Qazlal Stormbringer
  4911 | D:5      | Found a burning altar of Makhleb.
  5214 | D:6      | Found Frifepogh's Antique Armour Shoppe.
  5230 | D:6      | Reached skill level 7 in Air Magic
  5352 | D:6      | Reached skill level 1 in Staves
  5377 | D:6      | Found Onaulam's Assorted Antiques.
  5410 | D:6      | Shot with an arrow by a centaur

Action                   |  1- 3 |  4- 6 |  7- 9 || total
-------------------------+-------+-------+-------++-------
Melee: Unarmed           |    28 |       |       ||    28
       Trident           |     9 |     7 |       ||    16
       Quarterstaff      |       |    21 |    15 ||    36
 Cast: Shock             |    75 |   147 |    72 ||   294
       Swiftness         |       |     1 |       ||     1
Evoke: Wand              |       |     1 |       ||     1
  Use: Scroll            |     1 |     6 |     5 ||    12
       Potion            |       |     1 |     1 ||     2
  Eat: Chunk             |     2 |     2 |     3 ||     7
       Bread ration      |     1 |     1 |       ||     2
